 Dungeon Crawl Stone Soup version 0.31.0-12-g77e489cdc1 (webtiles) character file.

Game seed: 4538890761245348924

44 cdecastro the Changeling (level 3, -2/29 HPs)
             Began as a Draconian Shapeshifter on Feb 26, 2024.
             Slain by Sigmund
             ... wielding a +2 scythe of protection
              (11 damage)
             ... on level 2 of the Dungeon.
             The game lasted 00:02:08 (947 turns).

cdecastro the Changeling (Draconian Shapeshifter)    Turns: 947, Time: 00:02:09

Health: -2/29      AC:  5    Str: 16    XL:     3   Next: 41%
Magic:  3/3        EV: 12    Int: 10    God:
Gold:   52         SH:  0    Dex: 12    Spells: 2/2 levels left

rFire   . . .        g - +1 rapier (flame)
rCold   . . .        (no shield)
rNeg    . . .        (body armour unavailable)
rPois   .            (helmet currently unavailable)
rElec   .            (cloak currently unavailable)
rCorr   .            (gloves currently unavailable)
SInv    .            (boots currently unavailable)
Will    .....        (no amulet)
Stlth   +            (no ring)
HPRegen 0.24/turn    (no ring)
MPRegen 0.08/turn

%: no passive effects
@: beast-form
A: beast (slay +2), AC +5, unfitting armour, cold-blooded
a: Begin Untransformation


You were on level 2 of the Dungeon.
You were a hulking beast.
You visited 1 branch of the dungeon, and saw 2 of its levels.

You collected 52 gold pieces.

Inventory:

Hand Weapons
 e - a +0 dagger of holy wrath
 g - a +1 rapier of flaming (weapon)
Talismans
 b - a beast talisman
 c - a flux talisman
Scrolls
 d - a scroll of identify {unknown}
 f - a scroll of enchant weapon {unknown}
Potions
 a - a potion of lignification


   Skills:
 + Level 2.2 Fighting
 - Level 1.7 Dodging
 - Level 3.0 Unarmed Combat
 * Level 3.9 Shapeshifting


You had 2 spell levels left.
You didn't know any spells.
Your spell library was empty.

Dungeon Overview and Level Annotations

Branches:
Dungeon (2/15)

Altars:

Annotations:
D:2 Sigmund


Innate Abilities, Weirdness & Mutations

You are a hulking beast.
Your limbs bulge with bestial killing power. (Slay +2)
Your plain brown scales are hard. (AC +5)
You cannot fit into any form of body armour.
You are cold-blooded and may be slowed by cold attacks.


Message History

You hit the giant cockroach.
The giant cockroach is heavily wounded.
The giant cockroach bites you but does no damage.
You hit the giant cockroach but do no damage.
You tail-slap the giant cockroach, but do no damage.
The giant cockroach is heavily wounded.
The giant cockroach bites you but does no damage.
The giant cockroach attacks as it pursues you!
The giant cockroach closely misses you. The giant cockroach barely misses you.
You see here a bat corpse.
The giant cockroach attacks as it pursues you!
The giant cockroach bites you but does no damage.
The giant cockroach completely misses you.
The giant cockroach attacks as it pursues you!
The giant cockroach closely misses you.
The giant cockroach attacks as it pursues you!
The giant cockroach bites you but does no damage.
The giant cockroach bites you but does no damage.
The giant cockroach attacks as it pursues you!
The giant cockroach completely misses you.
You see here a +1 rapier of flaming.
g - a +1 rapier of flaming The giant cockroach barely misses you.
Something hits you!
The giant cockroach completely misses you.
Your +1 rapier of flaming bursts into flame!
g - a +1 rapier of flaming (weapon)
Unknown command.
You closely miss the giant cockroach.
The giant cockroach is moderately wounded.
The giant cockroach bites you but does no damage.
Something hits you!
* * * LOW HITPOINT WARNING * * *
The giant cockroach misses you.
You completely miss the giant cockroach.
Your tail-slap misses the giant cockroach.
You punch the giant cockroach.
The giant cockroach is almost dead.
The giant cockroach closely misses you. Something hits you!
You die...

##...####.........#
#...## #.<.....#
#.### #.....# #.#
#######..)## #.#
#.......†## #.#
#.######.# #.# #.#
#.#
#.####.######.##
#..hB{....##...###
######.#.........#
#.##.##...#.#
#.######.##.# #..
..# . ### ### #


You could see a giant cockroach.

Vanquished Creatures
  An adder (D:2)
  A gnoll (D:1)
  A dart slug (D:1)
  A bat (D:2)
  4 endoplasms (D:1)
  A giant cockroach (D:1)
  A goblin (D:1)
  5 hobgoblins (D:1)
  A kobold (D:1)
  A quokka (D:1)
  2 ball pythons (D:1)
  4 rats (D:1)
23 creatures vanquished.

Notes
Turn   | Place    | Note
-------+----------+-------------------------------------------
     0 | D:1      | cdecastro the Draconian Shapeshifter began the quest for
                  | the Orb.
     0 | D:1      | Reached XP level 1. HP: 16/16 MP: 1/1
    92 | D:1      | Reached XP level 2. HP: 10/23 MP: 2/2
   494 | D:1      | Reached XP level 3. HP: 28/29 MP: 3/3
   925 | D:2      | Noticed Sigmund
   947 | D:2      | Slain by Sigmund

Illustrated notes

Levels and vault maps discovered:
D:1:      giann_bridges, layout_loops_corners, nicolae_grassy_gnolls
D:2:      layout_loops_corners, hellmonk_ecumenical_altar_run_dry,
          minmay_heptomino_d4, uniq_sigmund, uniq_jessica

Skill      XL: |  1  2 |
---------------+-------+-----
Fighting       | 2 |  2.2
Dodging        | |  1.7
Unarmed Combat | |  3.0
Shapeshifting  | |  3.9

Action                     || total
---------------------------++-------
  Melee: Unarmed           ||    71
         Punch             ||     2
         Tailslap          ||     4
         Rapier            ||     2
 Armour: Skin              ||    37
  Dodge: Dodged            ||    50
